 Dungeon Crawl Stone Soup version 0.31-a0-441-g867994ef1c (webtiles) character file.

Game seed: 12077543649864099063

34 HallandMoats the Trooper (level 3, -1/29 HPs)
             Began as a Demonspawn Fighter on Aug 3, 2023.
             Succumbed to Jessica's poison
             ... on level 2 of the Dungeon.
             The game lasted 00:01:23 (885 turns).

HallandMoats the Trooper (Demonspawn Fighter)        Turns: 885, Time: 00:01:23

Health: -1/29      AC:  8    Str: 14 (16) XL:     3   Next: 14%
Magic:  4/4        EV:  8    Int:  9 (11) God:
Gold:   22         SH:  4    Dex: 11 (12) Spells: 2/2 levels left

rFire   . . .        a - +0 war axe
rCold   . . .        c - +0 buckler
rNeg    . . .        b - +0 scale mail
rPois   .            (helmet restricted)
rElec   .            (no cloak)
rCorr   .            (no gloves)
SInv    .            (no boots)
Will    .....        (no amulet) Stlth
                     (no ring)
HPRegen 0.24/turn    (no ring)
MPRegen 0.09/turn

%: no passive effects
@: lethally poisoned (-1 -> -23)
A: antennae 1, yellow scales 1
a: no special abilities


You were on level 2 of the Dungeon.
You visited 1 branch of the dungeon, and saw 2 of its levels.

You collected 22 gold pieces.

Inventory:

Hand Weapons
 a - a +0 war axe (weapon)
Armour
 b - a +0 scale mail (worn)
 c - a +0 buckler (worn)
Scrolls
 e - 2 scrolls of enchant armour {unknown}
 f - a scroll of identify {unknown}
 h - a scroll of noise {unknown}
Potions
 d - a potion of might
 i - a potion of attraction {unknown}


   Skills:
 + Level 3.3 Fighting
 + Level 2.2 Axes
 - Level 2.6 Armour
 - Level 2.6 Shields
 * Level 2.6 Invocations


You had 2 spell levels left.
You didn't know any spells.
Your spell library was empty.

Dungeon Overview and Level Annotations

Branches:
Dungeon (2/15)

Altars:

Annotations:
D:2 Jessica


Innate Abilities, Weirdness & Mutations

You have a pair of small antennae on your head.
You are partially covered in yellow scales. (AC +2)


Message History

You kill the endoplasm!
HP restored.
Jessica the Apprentice Sorceress comes into view.
She is wielding a +1 dagger of venom.
Jessica is nearby!
Jessica is nearby!
Jessica gestures wildly.
Found 26 gold pieces.
Jessica hits you but does no damage.
You are poisoned.
You see here 12 gold pieces.
You closely miss Jessica.
You feel very sick.
Jessica gestures wildly while chanting.
Jessica blinks!
You feel sick.
You feel sick.
You feel sick. Jessica casts a spell at you. Pain shoots through your body!
You hit Jessica.
Jessica is severely wounded.
You feel sick.
Jessica hits you with a +1 dagger of venom.
You are more poisoned.
You hit Jessica but do no damage.
Jessica is severely wounded.
You feel sick.
Jessica hits you with a +1 dagger of venom.
You are lethally poisoned!
You block Jessica's attack.
You barely miss Jessica.
Jessica is severely wounded.
* * * LOW HITPOINT WARNING * * *
You feel very sick.
Jessica hits you with a +1 dagger of venom.
* * * LOW HITPOINT WARNING * * *
You are more poisoned.
It was a potion of degeneration.
There was something very wrong with that liquid.
You feel weakened.
You feel dopey.
You feel clumsy.
You die...

...... ###..#### ..
....... ........# .#
.#.#... ........# .#
.#.$.#. ........##
.#####.......
.........##.#...........
>........#..#.......$..#
...........##..@........
.............$..@......#
###.#..................#
#.#.......##..........
..........############
#...........#
#............
#...#........
..##......#..


You could see Jessica.

Vanquished Creatures
  A dart slug (D:1)
  A bat (D:1)
  5 endoplasms
  2 giant cockroaches (D:1)
  6 goblins (D:1)
  4 hobgoblins (D:1)
  4 jackals (D:1)
  A ball python (D:1)
  A frilled lizard (D:1)
  A kobold (D:1)
26 creatures vanquished.

Notes
Turn   | Place    | Note
-------+----------+-------------------------------------------
     0 | D:1      | HallandMoats the Demonspawn Fighter began the quest for the
                  | Orb.
     0 | D:1      | Reached XP level 1. HP: 18/18 MP: 1/1
   100 | D:1      | Reached skill level 1 in Invocations
   213 | D:1      | Gained mutation: You have a pair of small antennae on your
                  | head. [demonic ancestry]
   213 | D:1      | Reached XP level 2. HP: 22/24 MP: 3/3
   579 | D:1      | Gained mutation: You are partially covered in yellow
                  | scales. (AC +2) [demonic ancestry]
   579 | D:1      | Reached XP level 3. HP: 28/29 MP: 4/4
   874 | D:2      | Noticed Jessica
   885 | D:2      | Succumbed to Jessica's poison

Illustrated notes

Levels and vault maps discovered:
D:1:      tarquinn_simple_flora_water_d, layout_loops_ring,
          chequers_serial_rivers_micro_a, corexii_hall_statues_i
D:2:      layout_rooms, ebering_ecumenical_altar_petrified, minmay_rat_hole,
          uniq_jessica

Skill      XL: |  1  2 |
---------------+-------+-----
Invocations    | 1 2 |  2.6
Axes           | 2 |  2.2
Fighting       | |  3.3
Armour         | |  2.6
Shields        | |  2.6

Action                     || total
---------------------------++-------
  Melee: War axe           ||    84
    Use: Potion            ||     1
 Armour: Scale mail        ||    44
  Dodge: Dodged            ||    49
  Block: Buckler           ||    20

Table legend: (Time is in decaauts)
 A = Elapsed time spent in this place.
 B = Non-inter-level travel time spent in this place.
 C = Inter-level travel time spent in this place.
 D = Time resting spent in this place.
 E = Time spent auto-exploring this place.
 F = Levels seen in this place.
 G = Mean time per level.
                   A        B        C        D        E       F      G
               +--------+--------+--------+--------+--------+-----+--------+
         Total |    922 |    895 |     27 |      0 |    650 |   2 |  461.0 |
       Dungeon |    922 |    895 |     27 |      0 |    650 |   2 |  461.0 |
               +--------+--------+--------+--------+--------+-----+--------+

Top non-repeatable levels by time:
     D:1: 888 daAuts
     D:2: 34 daAuts
